AoeStats
← _LY_抖音肥龙

African Clearing

506680468Analyzed
4v4 RM · 18d ago on Sep 14, 2026· 22m 28s· 8 players
Game mode
Random Map
Map size
Large (8 player)
Population
200
Speed
Normal
Resources
Standard
Victory
Conquest
Starting age
Dark Age
Ending age
Imperial Age
RankedLock teamsTeams togetherTeam positionsShared explorationLock speedFull tech treeHidden civsTurbo modeCheats
Victory
Defeat
🇨🇳 Wei · China
1858
+12
🇭🇰 Mongols · Hong Kong SAR China
1764
+16
1714
+18
🇨🇳 Koreans · China
1600
+22
🇨🇱 Chinese · Chile
1786
-18
🇨🇳 Mongols · China
1775
-18
🇨🇳 Mongols · China
1754
-17
🇦🇷 Georgians · Argentina
1696
-15
清远华
7:48 Loom
胖子事情多
4:10 Loom
13:42 Feudal Age
14:14 Town Watch
17:12 Castle Age
15:50 Double-Bit Axe
18:09 Fletching
20:49 Bodkin Arrow
22:51 Padded Archer Armor
EXILE | Jürgen
3:12 Loom
14:56 Feudal Age
18:45 Castle Age
17:09 Double-Bit Axe
20:14 Bow Saw
20:58 Horse Collar
ROCKMAN 4
7:59 Loom
13:34 Feudal Age
17:28 Castle Age
15:53 Double-Bit Axe
22:55 Sanctity
自有大儒为我辩经
14:51 Loom
23:32 Feudal Age
CNZS_Bad Koala
6:29 Loom
14:25 Feudal Age
18:24 Castle Age
16:29 Double-Bit Axe
16:55 Horse Collar
17:29 Fletching
19:15 Bow Saw
云层贩卖心动
11:18 Loom
13:50 Feudal Age
17:36 Castle Age
16:58 Double-Bit Axe
16:56 Horse Collar
17:11 Loom
19:01 Fletching
_LY_抖音肥龙
12:14 Feudal Age
13:09 Double-Bit Axe
15:59 Castle Age
15:28 Stone Mining
15:21 Horse Collar
16:54 Bow Saw
18:21 Fletching
20:12 Loom
Connection lost

Rejoining the realm…

Still unreachable

The connection could not be restored.

Session expired

The server has moved on; the page needs a fresh start.